 Dungeon Crawl Stone Soup version 0.30-a0-830-gfe289a77b0 (webtiles) character file.

Game seed: 617684629580378348

2 Nacht the Digger (level 1, 11/13 HPs)
             Began as a Demonspawn Earth Elementalist on Mar 1, 2023.
             Got out of the dungeon alive.
             The game lasted 00:00:12 (36 turns).

Nacht the Digger (Demonspawn Earth Elementalist)      Turns: 36, Time: 00:00:13

Health: 11/13      AC:  2    Str:  8    XL:     1   Next: 33%
Magic:  1/3        EV: 12    Int: 16    God:
Gold:   1          SH:  0    Dex: 13    Spells: 3/4 levels left

rFire   . . .      SeeInvis .    (no weapon)
rCold   . . .      Faith    .    (no shield)
rNeg    . . .      Spirit   .    a - +0 robe
rPois   .          Reflect  .    (no helmet)
rElec   .          Harm     .    (no cloak)
rCorr   .          Rampage  .    (no gloves)
Will    .....                    (no boots)
Stlth   ++                       (no amulet)
HPRegen 0.22/turn                (no ring)
MPRegen 0.08/turn                (no ring)

@: no status effects
A: no striking features
a: no special abilities


You escaped.
You visited 1 branch of the dungeon, and saw 1 of its levels.

You collected 1 gold pieces.

Inventory:

Armour
 a - a +0 robe (worn)
Potions
 b - a potion of magic
 c - a potion of haste {unknown}


   Skills:
 - Level 1.7 Dodging
 - Level 1.7 Stealth
 - Level 2.0 Spellcasting
 - Level 0.8 Transmutations
 + Level 2.9 Earth Magic


You had 3 spell levels left.
You knew the following spells:

 Your Spells              Type           Power      Damage    Failure   Level
a - Sandblast             Erth           20%        2d7       6%          1

Your spell library contained the following spells:

 Spells                   Type           Power      Damage    Failure   Level
 Passwall                 Tmut/Erth      5%         N/A       14%         2
 Stone Arrow              Conj/Erth      12%        3d7       34%         3
 Hailstorm                Conj/Ice       1%         3d3       52%         3
 Petrify                  Tmut/Erth      7%         N/A       67%         4
 Ice Form                 Ice/Tmut       2%         N/A       86%         4
 Simulacrum               Ice/Necr       0%         N/A       100%        6


Dungeon Overview and Level Annotations

Branches:
Dungeon (1/15)

Altars:


Message History

You don't have enough magic to cast this spell.
There are monsters nearby!
There are monsters nearby!
An endoplasm comes into view.
A hobgoblin comes into view.
Found a scale mail.
The hobgoblin shouts!
The endoplasm quivers.
You hear a shout!
A bat comes into view.
A kobold and an endoplasm come into view.
The endoplasm quivers.
The quokka closely misses you.
Casting: Sandblast (safe; 6% risk of failure)
Confirm with . or Enter, or press ? or * to list all spells.
You don't have enough magic to cast this spell.
The quokka misses you. The quokka attacks as you move away!
The quokka bites you.
The endoplasm jiggles.
The bat misses you. The bat attacks as you move away!
The bat closely misses you. x2
The bat barely misses you. The quokka bites you. The bat misses you.
The quokka attacks as you move away!
The quokka bites you but does no damage.
The bat closely misses you. The bat misses you.
The quokka twitches its whiskers.
The bat barely misses you. The quokka attacks as you move away!
The quokka closely misses you. The bat hits you. x2
The quokka attacks as you move away!
The quokka bites you but does no damage.
The bat closely misses you. The quokka barely misses you.
There is an open door here.
The bat barely misses you.
There is a staircase leading out of the dungeon here.
Are you sure you want to leave the Dungeon?
This will make you lose the game!
Alright, then stay!
Are you sure you want to leave the Dungeon?
This will make you lose the game!
You have escaped!

................
#..............
#..........?...
#..............
#$.......†.....
#####.#............
#PPP#.##.....#.....
##~~~##JK..##.#####.
+..@Jb'g.......... .
##♣.♣##...........
###+##.......#.....
.........^.........
###.....#..######.#
..(.......##
###.....### ......##
.......


You could see 2 endoplasms, a hobgoblin, a bat and a kobold.

Vanquished Creatures
  A bat (D:1)
  A quokka (D:1)
2 creatures vanquished.

Notes
Turn   | Place    | Note
-------+----------+-------------------------------------------
     0 | D:1      | Nacht the Demonspawn Earth Elementalist began the quest for
                  | the Orb.
     0 | D:1      | Reached XP level 1. HP: 13/13 MP: 3/3
    36 | D:$      | Got out of the dungeon alive.

Illustrated notes

Levels and vault maps discovered:
D:1:      tarquinn_simple_flora_water_e, layout_rooms, grunt_decor_clamped,
          minmay_indecisive_spiral

Action                     || total
---------------------------++-------
   Cast: Sandblast         ||     3
 Armour: Robe              ||     3
  Dodge: Dodged            ||    14

Table legend: (Time is in decaauts)
 A = Elapsed time spent in this place.
 B = Non-inter-level travel time spent in this place.
 C = Inter-level travel time spent in this place.
 D = Time resting spent in this place.
 E = Time spent auto-exploring this place.
 F = Levels seen in this place.
 G = Mean time per level.
                   A        B        C        D        E       F      G
               +--------+--------+--------+--------+--------+-----+--------+
         Total |     37 |     37 |      0 |      0 |      4 |   1 |   37.0 |
       Dungeon |     37 |     37 |      0 |      0 |      4 |   1 |   37.0 |
               +--------+--------+--------+--------+--------+-----+--------+

Top non-repeatable levels by time:
     D:1: 37 daAuts
